 Dungeon Crawl Stone Soup version 0.17.1-3-g152610e (webtiles) character file.

54 GFox the Magician (level 3, -2/19 HPs)
             Began as a Deep Elf Wizard on Mar 22, 2016.
             Slain by Sigmund
             ... wielding a +0 scythe
              (7 damage)
             ... on level 2 of the Dungeon.
             The game lasted 00:24:59 (1540 turns).

GFox the Magician (Deep Elf Wizard)                 Turns: 1540, Time: 00:24:59

Health: -2/19      AC:  3    Str:  4    XL:     3   Next: 66%
Magic:  0/12       EV: 13    Int: 23    God:
Gold:   42         SH:  0    Dex: 13    Spells: 6 memorised, 2 levels left

rFire  . . .     SeeInvis .     e - +2 dagger (flame)
rCold  . . .     Clarity  .     a - +0 robe
rNeg   . . .     SustAt   .     (no shield)
rPois  .         Gourm    .     j - +1 hat
rElec  .         Spirit   .     (no cloak)
rCorr  .         Warding  .     (no gloves)
rMut   .         Stasis   .     (no boots)
MR     +....                    (no amulet)
Stlth  ++........               (no ring)
                                m - ring of protection from magic

@: very slightly contaminated, somewhat resistant to hostile enchantments,
unstealthy
A: no striking features
a: no special abilities


You were on level 2 of the Dungeon.
You were not hungry.

You visited 1 branch of the dungeon, and saw 2 of its levels.

You collected 42 gold pieces.

Inventory:

Hand Weapons
 e - a +2 dagger of flaming (weapon)
Armour
 a - a +0 robe (worn)
 b - a +0 hat
 j - a +1 hat (worn)
Jewellery
 m - a ring of protection from magic (left hand)
Books
 c - a book of Minor Magic

   Spells                             Type                      Level
   a - Magic Dart                     Conjuration                  1
   b - Blink                          Translocation                2
   c - Call Imp                       Summoning                    2
   d - Repel Missiles                 Charms/Air                   2
   e - Slow                           Hexes                        2
   f - Conjure Flame                  Conjuration/Fire             3
   g - Mephitic Cloud                 Conjuration/Poison/Air       3
Comestibles
 d - 2 bread rations
 f - a chunk of flesh


   Skills:
 + Level 2.7 Dodging
 + Level 2.5 Stealth
 + Level 6.0 Spellcasting
 + Level 1.5 Conjurations
 + Level 1.1 Summonings
 + Level 1.1 Translocations
 + Level 0.2 Fire Magic


You had 2 spell levels left.
You knew the following spells:

 Your Spells              Type           Power        Failure   Level  Hunger
a - Magic Dart            Conj           ##..         4%          1    None
b - Call Imp              Summ           ##......     10%         2    None
c - Blink                 Tloc           N/A          10%         2    None
d - Repel Missiles        Chrm/Air       #.....       14%         2    None
e - Slow                  Hex            #.......     14%         2    None
f - Conjure Flame         Conj/Fire      ##......     21%         3    #......


Dungeon Overview and Level Annotations

Branches:
Dungeon (2/15)

Altars:

Annotations:
D:2 Sigmund


Message History

Aiming: Magic Dart
Press: ? - help, Shift-Dir - straight line, f/p - hobgoblin
Aim: a hobgoblin, wielding a club (almost dead)
The magic dart hits the hobgoblin.
You kill the hobgoblin!
Casting: Magic Dart
Confirm with . or Enter, or press ? or * to list all spells.
Aiming: Magic Dart
Press: ? - help, Shift-Dir - straight line, f - rat
Aim: a rat The magic dart hits the rat.
You kill the rat!
You start resting.
Something hits you!
Ouch! That really hurt!
* * * LOW HITPOINT WARNING * * *
As you read the scroll labeled FAMATU SOLYESK, it crumbles to dust.
You feel aware of your surroundings.
It was a scroll of magic mapping.
Something hits you!
You die...

##.## **,,,,,,,**#.
#..# **,,,,,** #.
##.# **,,,** #. #.#
*#+#* #. #.# #.# #.
#.# #.# #. #.#
##.######. #.#
##........# #@#
#.....###.# #.#
#....## #.#
#.######...#####.#
#r..r...r).##.....
#########.....##รท#
##.#####.#
#.......# #########


You could see a rat.

Vanquished Creatures
  Ijyb (D:2)
  A ball python (D:1)
  A giant cockroach (D:1)
  3 hobgoblins
  4 jackals (D:2)
  5 kobolds (D:1)
  2 quokkas (D:2)
  5 bats
  2 giant newts
  3 goblins (D:1)
  7 rats
34 creatures vanquished.

Notes
Turn   | Place    | Note
--------------------------------------------------------------
     0 | D:1      | GFox the Deep Elf Wizard began the quest for the Orb.
     0 | D:1      | Reached XP level 1. HP: 10/10 MP: 7/7
   325 | D:1      | Reached skill level 5 in Spellcasting
   332 | D:1      | Reached XP level 2. HP: 12/15 MP: 3/10
   943 | D:2      | Reached XP level 3. HP: 7/19 MP: 0/12
  1142 | D:2      | Learned a level 2 spell: Call Imp
  1145 | D:2      | Learned a level 2 spell: Blink
  1148 | D:2      | Learned a level 2 spell: Repel Missiles
  1151 | D:2      | Learned a level 2 spell: Slow
  1155 | D:2      | Learned a level 3 spell: Conjure Flame
  1325 | D:2      | Noticed Ijyb
  1354 | D:2      | Killed Ijyb
  1354 | D:2      | Reached skill level 6 in Spellcasting
  1502 | D:2      | Noticed Sigmund
  1540 | D:2      | Slain by Sigmund

Action                   || total
-------------------------++-------
Melee: Dagger            ||    16
 Cast: Magic Dart        ||    76
       Conjure Flame     ||     1
       Slow              ||     1
       Blink             ||     1
       Call Imp          ||     1
  Use: Scroll            ||     6
       Potion            ||     5
  Eat: Chunk             ||     2
